 Dungeon Crawl Stone Soup version 0.31-a0-1002-g8e65716e6e (webtiles) character file.

Game seed: 4829155500359568625

4 Jannitor the Sneak (level 1, 0/27 HPs)
             Began as a Demigod Delver on Nov 10, 2023.
             Frozen to death by an endoplasm (5 damage)
             ... on level 2 of the Dungeon.
             The game lasted 00:00:59 (143 turns).

Jannitor the Sneak (Demigod Delver)                  Turns: 143, Time: 00:00:59

Health: 0/27       AC: 20    Str: 13    XL:     1   Next: 40%
Magic:  3/3        EV:  2    Int: 12    God:
Gold:   0          SH:  0    Dex: 15    Spells: 0/0 levels left

rFire   . . .        a - +0 mace
rCold   . . .        (no shield)
rNeg    . . .        b - melded +0 leather armour
rPois   +            (helmet currently unavailable)
rElec   .            (cloak currently unavailable)
rCorr   .            (gloves currently unavailable)
SInv    .            (boots currently unavailable)
Will    .....        (no amulet)
Stlth   +++          (no ring)
HPRegen 0.24/turn    (no ring)
MPRegen 0.08/turn

%: no passive effects
@: tree-form, hasted (expiring), very quick
A: stationary, stasis, torment immunity, boosted hp, high MP 1, forlorn, divine
attributes
a: no special abilities


You were on level 2 of the Dungeon.
You were a tree.
You visited 1 branch of the dungeon, and saw 5 of its levels.

Inventory:

Hand Weapons
 a - a +0 mace (weapon)
Armour
 b - a +0 leather armour (melded)
Wands
 g - a wand of digging (3)
Scrolls
 c - a scroll of fog
 d - a scroll of revelation


   Skills:
 + Level 2.7 Fighting
 + Level 1.8 Maces & Flails
 + Level 1.8 Dodging
 + Level 4.5 Stealth


You couldn't memorise any spells.
You didn't know any spells.
Your spell library was empty.

Dungeon Overview and Level Annotations

Branches:
Dungeon (6/15)
 Temple: D:4-7

Shops:
D:2 [

Annotations:
D:5 3 runed translucent doors, Jannitor's ghost, weakling NaDe; pzskc383's ghost, novice GrFi


Innate Abilities, Weirdness & Mutations

You are a tree.
Your roots penetrate the ground, keeping you stationary.
You cannot be teleported.
You are immune to unholy pain and torment.
Your maximum health is greatly increased.
Your equipment is partially melded.
You have an increased reservoir of magic. (+10% MP)
You shall have no god before yourself.
Your divine heritage dramatically boosts your attributes as you level up.


Message History

The endoplasm quivers.
You completely miss the jackal.
Your attack snaps the jackal out of its fear.
The jackal barely misses you. x2
You hit the jackal.
The jackal is lightly wounded.
The jackal closely misses you. The endoplasm closely misses you.
You hit the jackal.
The jackal is heavily wounded.
The endoplasm quivers.
The jackal misses you.
You miss the jackal.
The jackal is heavily wounded.
The jackal misses you. The endoplasm hits you.
You thump the jackal!
You kill the jackal!
The endoplasm hits you but does no damage.
You hit the endoplasm.
The endoplasm is moderately wounded.
The endoplasm barely misses you.
You hit the endoplasm.
The endoplasm is almost dead.
The endoplasm freezes you.
You are frozen.
* * * LOW HITPOINT WARNING * * *
You sock the endoplasm!
You kill the endoplasm!
As you read the scroll labelled GYCHETE TA FISUTAMM, it crumbles to dust.
It is a scroll of identify.
h - a potion of lignification You turn into a tree.
Your +0 leather armour melds into your body.
Your roots penetrate the ground.
The endoplasm barely misses you.
Unknown command.
You hit the endoplasm.
The endoplasm is severely wounded.
Your extra speed is starting to run out.
The endoplasm freezes you.
You are frozen.
You die...

##### ....# ...#.
#######.... #...#...^..
#...#.....##
######.....#.†.# .#
#g.#.......#..♣####...#
#..#.....######JJ....#
#.g...#.g.h.h.hh.∩.....
#.....#........g...#...
#.†.######...........##
##### #.........###
#.........# #.........#
#.........#


You could see 2 endoplasms, a jackal and a goblin.

Vanquished Creatures
  An endoplasm (D:2)
  2 jackals (D:2)
3 creatures vanquished.

Notes
Turn   | Place    | Note
-------+----------+-------------------------------------------
     0 | D:5      | Jannitor the Demigod Delver began the quest for the Orb.
     0 | D:5      | Reached XP level 1. HP: 18/18 MP: 3/3
     9 | D:5      | Noticed pzskc383's ghost (novice GrFi)
     9 | D:5      | Noticed Jannitor's ghost (weakling NaDe)
   125 | D:2      | Found Voliup's Armour Shoppe.
   143 | D:2      | Frozen to death by an endoplasm

Illustrated notes

Levels and vault maps discovered:
D:2:      layout_rooms, serial_shops, shop, nicolae_shop_tiny_statue_garden,
          nicolae_shop_overgrown_old_shop, shop, basic_altar,
          hangedman_decor_push
D:3:      layout_rooms, nicolae_kikubaaqudgha_miasma_corner,
          shapermc_ecumenical_altar_starsandcircs
D:4:      wad_pebble_path, layout_loops_ring
D:5:      corexii_shantytown, layout_basic, lemuel_round_altar, serial_shops,
          shop, gammafunk_ghost_cemetery
D:6:      lemuel_ice_spiral_2, layout_basic, mainiacjoe_overflow_catch_the_wave,
          tgw_trog

Action                     || total
---------------------------++-------
  Melee: Mace              ||    21
    Use: Scroll            ||     2
         Potion            ||     2
 Armour: Leather armour    ||    17
  Dodge: Dodged            ||    30

Table legend: (Time is in decaauts)
 A = Elapsed time spent in this place.
 B = Non-inter-level travel time spent in this place.
 C = Inter-level travel time spent in this place.
 D = Time resting spent in this place.
 E = Time spent auto-exploring this place.
 F = Levels seen in this place.
 G = Mean time per level.
                   A        B        C        D        E       F      G
               +--------+--------+--------+--------+--------+-----+--------+
         Total |    133 |    133 |      0 |      0 |     41 |   5 |   26.6 |
       Dungeon |    133 |    133 |      0 |      0 |     41 |   5 |   26.6 |
               +--------+--------+--------+--------+--------+-----+--------+

Top non-repeatable levels by time:
     D:4: 50 daAuts
     D:2: 32 daAuts
     D:5: 30 daAuts
     D:6: 11 daAuts
     D:3: 7 daAuts
